Map: Glittering Ashes LE

Players

Serral - Winner!

  • Race: Zerg Zerg

DPGrogue (Rogue)

  • Race: Zerg Zerg

Event: TSL 8

VOD

Have the link to the VOD?

Description

Time

  • Played on: Dec. 12, 2021, 8:29 a.m.
  • Length: 8:11

All games in this series

Show
View Real Time Build Order
Export as new Build Order

Serral Zerg - Winner!

Build Orders: Hatch First 

Get SALT Encoding   

  12  0:00  Drone  
  13  0:11  Overlord  
  13  0:16  Drone  
  14  0:30  Drone x2  
  16  0:46  Hatchery  
  16  0:50  Drone  
  16  0:53  Drone  
  16  0:57  Drone  
  18  1:08  Extractor  
  17  1:12  Spawning Pool  
  17  1:15  Drone  
  17  1:18  Drone  
  18  1:27  Drone  
  19  1:38  Drone  
  20  1:48  Drone  
  21  1:58  Queen x2  
  21  1:59  Zergling x2  
  21  2:00  Overlord  
  26  2:09  Drone  
  26  2:10  Drone  
  26  2:12  Metabolic Boost  
  28  2:20  Drone  
  28  2:21  Drone  
  30  2:30  Zergling x2  
  30  2:33  Drone  
  32  2:37  Hatchery  
  32  2:41  Drone  
  32  2:46  Baneling Nest  
  32  2:49  Overlord  
  31  2:52  Drone  
  31  2:55  Drone  
  33  3:00  Queen  
  35  3:08  Drone  
  35  3:09  Drone x2  
  35  3:11  Drone  
  35  3:12  Zergling x2  
  40  3:13  Zergling x2  
  40  3:18  Overlord  
  41  3:21  Zergling x2  
  41  3:22  Drone  
  41  3:24  Zergling x2  
  44  3:29  Evolution Chamber  
  44  3:30  Drone  
  44  3:38  Drone x2  
  44  3:41  Drone x3  
  49  3:42  Drone x2  
  49  3:44  Drone  
  52  3:50  Lair  
  52  3:53  Extractor  
  51  3:58  Roach Warren  
  51  4:00  Zerg Missile Weapons Level 1  
  50  4:03  Overlord  
  50  4:05  Drone  
  50  4:09  Drone x2  
  53  4:10  Drone  
  53  4:12  Drone  
  53  4:13  Drone  
  56  4:17  Overlord  
  56  4:18  Drone  
  56  4:23  Zergling x2  
  56  4:24  Drone x2  
  59  4:29  Overlord  
  59  4:30  Drone x2  
  62  4:31  Drone  
  62  4:34  Baneling  
  62  4:35  Drone, Extractor  
  62  4:36  Drone  
  62  4:38  Drone  
  64  4:43  Drone x3  
  64  4:44  Drone  
  68  4:48  Glial Reconstitution  
  68  4:49  Extractor  
  68  4:50  Extractor  
  68  4:51  Drone x2  
  68  4:58  Drone  
  68  4:59  Overlord  
  69  5:01  Roach x3  
  69  5:03  Roach  
  77  5:09  Roach  
  77  5:13  Overlord x2  
  78  5:15  Overlord  
  78  5:20  Roach x4  
  86  5:24  Extractor  
  86  5:25  Roach x2  
  89  5:34  Roach x4  
  97  5:37  Nydus Network  
  97  5:38  Roach  
  97  5:39  Roach  
  100  5:44  Roach  
  100  5:46  Roach x2  
  106  5:52  Overlord x2  
  106  5:53  Overlord  
  106  5:55  Roach  
  108  5:57  Roach  
  108  6:03  Roach x2  
  114  6:12  Roach x4  
  122  6:19  Overlord x2  
  122  6:21  Roach x2  
  126  6:29  Roach x4  
  130  6:34  Nydus Canal  
  130  6:35  Roach x2  
  133  6:40  Roach  
  133  6:41  Roach x2  
  133  6:43  Roach  
  144  6:47  Roach x2  
  144  6:52  Nydus Canal  
  144  6:53  Roach  
  144  6:54  Roach  
  148  6:57  Roach x2  
  148  7:01  Overlord x2  
  152  7:02  Overlord  
  152  7:06  Roach x2  
  150  7:11  Roach x2  
  150  7:14  Nydus Canal  
  161  7:22  Roach  
  161  7:23  Roach x4  
  161  7:28  Roach x2  
  161  7:29  Roach  
  169  7:33  Roach  
  155  7:38  Roach x4  
  155  7:39  Roach  
  155  7:41  Roach  
  155  7:43  Roach  
  143  7:45  Roach  
  143  7:48  Roach  
Show
View Real Time Build Order
Export as new Build Order

DPGrogue Zerg 

Build Orders: Hatch First 

Get SALT Encoding   

  12  0:00  Drone  
  13  0:12  Overlord  
  13  0:17  Drone  
  14  0:31  Drone x2  
  16  0:48  Hatchery  
  15  0:51  Drone  
  15  0:55  Drone  
  17  0:58  Drone  
  18  1:09  Extractor  
  17  1:13  Spawning Pool  
  17  1:16  Drone  
  17  1:19  Drone  
  18  1:28  Drone  
  19  1:44  Drone  
  20  1:52  Drone  
  21  2:00  Queen x2  
  25  2:01  Zergling x2  
  25  2:02  Overlord  
  26  2:12  Drone x2, Metabolic Boost  
  28  2:23  Drone x2  
  30  2:35  Drone  
  31  2:38  Hatchery  
  31  2:42  Queen  
  32  2:45  Drone  
  33  2:51  Baneling Nest  
  33  2:54  Overlord  
  33  2:57  Zergling x2  
  33  2:59  Drone  
  33  3:01  Zergling x2  
  35  3:08  Drone  
  36  3:14  Drone x4  
  36  3:15  Drone  
  36  3:18  Drone  
  42  3:22  Overlord  
  42  3:25  Drone  
  43  3:31  Drone  
  44  3:35  Evolution Chamber  
  44  3:37  Drone  
  44  3:40  Lair  
  44  3:44  Drone x3, Extractor  
  44  3:46  Drone  
  47  3:48  Zergling x2  
  47  3:49  Drone  
  47  3:51  Drone  
  50  3:56  Drone  
  50  3:57  Drone x2  
  50  4:02  Zerg Missile Weapons Level 1  
  53  4:04  Overlord  
  53  4:06  Drone x2  
  55  4:17  Drone  
  56  4:18  Drone, Roach Warren  
  56  4:19  Drone x2  
  58  4:24  Drone  
  58  4:25  Drone x3  
  58  4:30  Overlord x2  
  62  4:34  Extractor  
  62  4:35  Extractor, Overlord  
  60  4:43  Overlord  
  60  4:46  Overlord  
  60  4:55  Overlord  
  60  4:58  Glial Reconstitution  
  60  4:59  Roach x2  
  73  5:00  Roach x5  
  73  5:05  Roach x2  
  77  5:08  Roach, Overlord  
  77  5:12  Roach x2  
  83  5:15  Roach  
  83  5:17  Roach  
  83  5:18  Roach  
  83  5:20  Roach  
  91  5:24  Roach  
  91  5:25  Roach  
  95  5:33  Roach x3  
  95  5:34  Overlord  
  101  5:39  Roach  
  101  5:40  Roach x2  
  107  5:47  Roach x3  
  113  5:50  Roach  
  113  5:53  Roach x2  
  113  5:55  Roach  
  121  6:01  Roach  
  121  6:02  Roach x2  
  127  6:04  Overlord  
  127  6:10  Overlord  
  126  6:13  Roach  
  126  6:15  Overlord  
  126  6:17  Overlord  
  128  6:19  Roach  
  130  6:26  Roach x2  
  130  6:30  Roach  
  130  6:31  Roach  
  134  6:34  Roach x2  
  132  6:40  Roach x2  
  132  6:43  Roach x2  
  132  6:44  Overlord  
  132  6:46  Roach  
  142  6:49  Overlord  
  142  6:54  Roach x3  
  142  6:56  Roach  
  142  6:59  Roach  
  142  7:01  Roach  
  150  7:03  Roach  
  150  7:06  Roach  
  148  7:08  Roach x2  
  148  7:11  Roach  
  148  7:15  Roach  
  153  7:18  Roach x2  
  153  7:23  Roach  
  153  7:25  Roach  
  155  7:30  Roach  
  155  7:36  Roach x2  
  147  7:41  Roach  
  118  7:46  Roach  
  118  7:49  Roach  
Tags
 
Add a new tag
Caveats
  • Supply blocks, unpowered buildings, or Contaminate may cause inaccurate times.
  • Supply counts are checked every 10 seconds.